 Dungeon Crawl Stone Soup version 0.30-a0-341-g682706514a (webtiles) character file.

Game seed: 11547384835477168896

1190 MrRokkomies the Trooper (level 8, 0/112 HPs)
             Began as an Armataur Berserker on Nov 2, 2022.
             Was a Priest of Trog.
             Slain by a river rat (4 damage)
             ... summoned by Eustachio
             ... on level 5 of the Dungeon.
             The game lasted 00:08:24 (3310 turns).

MrRokkomies the Trooper (Armataur Berserker)        Turns: 3310, Time: 00:08:25

Health: 0/112      AC: 12    Str: 24    XL:     8   Next: 20%
Magic:  8/8        EV:  6    Int:  7    God:    Trog [***...]
Gold:   166        SH:  0    Dex: 11    Spells: 7/7 levels left

rFire   . . .      SeeInvis .    m - +3 long sword (vorpal)
rCold   . . .      Faith    .    (no shield)
rNeg    . . .      Spirit   .    f - +0 plate armour
rPois   .          Reflect  .    v - +0 helmet
rElec   .          Harm     .    (no cloak)
rCorr   .          Roll     +    (no gloves)
Will    .....                    (no barding)
Stlth   ..........               u - amulet of regeneration
HPRegen 1.18/turn                (no ring)
MPRegen 0.11/turn                (no ring)

@: berserking, lit by a corona, glowing, very quick
A: large, rugged brown scales 3, deformed body, armoured tail, roll, long
tongue, awkward tongue
a: Renounce Religion, Berserk, Trog's Hand


You were on level 5 of the Dungeon.
You worshipped Trog.
Trog was most pleased with you.
You visited 1 branch of the dungeon, and saw 5 of its levels.

You collected 166 gold pieces.

Inventory:

Hand Weapons
 a - a +0 mace of draining
 m - a +3 vorpal long sword (weapon)
Missiles
 n - 8 poisoned darts (quivered)
 w - 4 curare-tipped darts
Armour
 b - a +0 animal skin
 e - a +0 chain mail
 f - a +0 plate armour (worn)
 v - a +0 helmet (worn)
Jewellery
 g - a +6 ring of intelligence
 u - an amulet of regeneration (around neck)
Wands
 q - a wand of mindburst (13)
Scrolls
 c - 2 scrolls of teleportation
 o - 2 scrolls of butterflies
 t - 2 scrolls of identify
Potions
 d - 4 potions of heal wounds
 h - 2 potions of lignification
 i - 4 potions of haste
 j - a potion of cancellation {unknown}
 k - 2 potions of mutation
 l - 5 potions of curing
 p - a potion of magic {unknown}
 r - a potion of ambrosia {unknown}
 s - a potion of invisibility


   Skills:
 * Level 6.9 Fighting
 - Level 2.6 Maces & Flails
 + Level 6.3 Armour
 + Level 3.9 Dodging


You had 7 spell levels left.
You didn't know any spells.
Your spell library was empty.

Dungeon Overview and Level Annotations

Branches:
Dungeon (5/15)             Temple (0/1) D:4

Altars:
Hepliaklqana
Okawaru

Annotations:
D:5 Dowan, Eustachio


Innate Abilities, Weirdness & Mutations

You are completely covered in rugged brown scales. (AC +3, +7% HP)
Armour fits poorly on your strangely shaped body.
You have a long armoured tail.
You roll when moving toward enemies. (Rampage)
Your long tongue fully drains potion bottles. (2x potion effects)
Your tongue gives you trouble enunciating. (1.5x scroll delay)


Message History

The quokka bites you but does no damage.
Eustachio completely misses you.
You barely miss Eustachio.
Eustachio is moderately wounded.
The quokka bites you but does no damage.
Eustachio brags, "I can call spirits from the vasty deep."
Eustachio hits you with a +0 rapier.
* * * LOW HITPOINT WARNING * * *
You closely miss Eustachio. You tail-slap Eustachio!
Eustachio is heavily wounded.
The quokka bites you.
* * * LOW HITPOINT WARNING * * *
Dowan gestures at you while chanting. The stone arrow hits you.
* * * LOW HITPOINT WARNING * * *
Eustachio gestures wildly while chanting.
You closely miss Eustachio.
Eustachio is heavily wounded.
Dowan hits you but does no damage.
The quokka bites you but does no damage.
Eustachio hits you but does no damage. Dowan hits you but does no damage.
The quokka bites you but does no damage.
You slash Eustachio!
Eustachio is almost dead.
Dowan points at you and mumbles some strange words.
The shard of ice hits you!!
* * * LOW HITPOINT WARNING * * *
Eustachio mumbles some strange words.
Eustachio blinks!
The quokka barely misses you. Dowan attacks as you move away!
Dowan barely misses you. The river rat bites you.
* * * LOW HITPOINT WARNING * * *
There is a stone staircase leading up, spattered with blood here.
Things that are here:
a +0 hand axe; an orc corpse You feel a strong urge to attack something.
The quokka bites you.
* * * LOW HITPOINT WARNING * * *
Dowan hits you but does no damage. The river rat bites you.
You die...

## # #. #. #o
###.... .....#o
## .......
######).#
......)##.<@..#.#
#....r.$..#
........##@###.##
......###re#
..........##
...........
..........?.
#...........#
.=...........
............
.......$.....


You could see Eustachio, Dowan (fast), a river rat (summoned) and a quokka.

Vanquished Creatures
  Menkaure (D:4)
  Duvessa (D:5)
  2 black bears (D:4)
  An ogre (D:4)
  2 phantoms
  Blork the orc (D:4)
  2 necrophages (D:4)
  A hound (D:3)
  3 orc priests
  Ijyb (D:3)
  An iguana (D:3)
  3 orc wizards
  Robin (D:4)
  3 adders
  A worm (D:4)
  2 dart slugs
  3 orcs
  8 ball pythons
  7 endoplasms
  3 giant cockroaches
  15 hobgoblins
  9 jackals
  3 kobolds
  4 quokkas
  6 bats
  2 frilled lizards
  11 goblins
  3 rats
100 creatures vanquished.

Notes
Turn   | Place    | Note
-------+----------+-------------------------------------------
     0 | D:1      | MrRokkomies the Armataur Berserker began the quest for the
                  | Orb.
     0 | D:1      | Reached XP level 1. HP: 19/19 MP: 1/1
   111 | D:1      | Reached XP level 2. HP: 27/27 MP: 2/2
   366 | D:1      | Reached XP level 3. HP: 33/33 MP: 3/3
   755 | D:2      | Reached ** piety under Trog
   769 | D:2      | Noticed a phantom
   779 | D:2      | Killed a phantom
   780 | D:2      | Reached XP level 4. HP: 31/42 MP: 4/4
  1594 | D:3      | Reached XP level 5. HP: 46/49 MP: 5/5
  1817 | D:3      | Noticed Ijyb
  1828 | D:3      | Killed Ijyb
  1954 | D:3      | Found an iron altar of Okawaru.
  1987 | D:3      | Reached XP level 6. HP: 53/56 MP: 6/6
  2346 | D:4      | Noticed Blork the orc
  2356 | D:4      | Killed Blork the orc
  2357 | D:4      | Reached skill level 5 in Fighting
  2531 | D:4      | Noticed Menkaure
  2537 | D:4      | Killed Menkaure
  2538 | D:4      | Reached skill level 5 in Armour
  2696 | D:4      | Found a hazy altar of Hepliaklqana.
  2743 | D:4      | Found a staircase to the Ecumenical Temple.
  2806 | D:4      | Reached XP level 7. HP: 31/66 MP: 7/7
  2851 | D:4      | Noticed Robin
  2863 | D:4      | Killed Robin
  2994 | D:4      | Reached *** piety under Trog
  3087 | D:4      | Reached XP level 8. HP: 68/75 MP: 8/8
  3260 | D:5      | Entered Level 5 of the Dungeon
  3280 | D:5      | Noticed Duvessa
  3283 | D:5      | Noticed Dowan
  3285 | D:5      | Noticed Eustachio
  3299 | D:5      | Killed Duvessa
  3310 | D:5      | HP: 4/112 [quokka (3)]
  3310 | D:5      | Slain by a river rat

Illustrated notes

Levels and vault maps discovered:
D:1:      dpeg_arrival_refuge, layout_rooms
D:2:      layout_basic
D:3:      layout_basic, okawaru_ov_weapons_minmay, minmay_close_crescents,
          uniq_ijyb
D:4:      minmay_chambers_of_twos, layout_loops_cross,
          mainiacjoe_overflow_alcove_1, minmay_temple_entry_gardened_gates,
          dk_noncrumbling_2, uniq_menkaure, uniq_blork_the_orc, uniq_robin
D:5:      layout_rooms, serial_shops, nicolae_lakefront_shop,
          minmay_shop_enchanted_jewellery, water_maze_lemuel, uniq_duvessa,
          uniq_crazy_yiuf_cottage, uniq_eustachio

Skill      XL: |  1  2  3  4  5  6  7 |
---------------+----------------------+-----
Fighting       | 3 4 5 6 |  6.9
Armour         | 3 4 5 6 |  6.3
Dodging        | 2 3 |  3.9
Maces & Flails | |  2.6

Action                   |  1- 3 |  4- 6 |  7- 9 || total
-------------------------+-------+-------+-------++-------
Melee: Mace              |   110 |       |       ||   110
       Tailslap          |     5 |     8 |    12 ||    25
       Punch             |     2 |     1 |     1 ||     4
       Long sword        |       |   111 |    91 ||   202
Invok: Berserk           |     2 |     1 |     1 ||     4
  Use: Potion            |       |     1 |       ||     1
       Scroll            |       |     9 |     2 ||    11
Armor: Animal skin       |     7 |       |       ||     7
       Chain mail        |    53 |   116 |       ||   169
       Plate armour      |       |    10 |   103 ||   113
Dodge: Dodged            |    47 |    73 |    42 ||   162

Table legend: (Time is in decaauts)
 A = Elapsed time spent in this place.
 B = Non-inter-level travel time spent in this place.
 C = Inter-level travel time spent in this place.
 D = Time resting spent in this place.
 E = Time spent auto-exploring this place.
 F = Levels seen in this place.
 G = Mean time per level.
                   A        B        C        D        E       F      G
               +--------+--------+--------+--------+--------+-----+--------+
         Total |   3424 |   3329 |     95 |     98 |   2505 |   5 |  684.8 |
       Dungeon |   3424 |   3329 |     95 |     98 |   2505 |   5 |  684.8 |
               +--------+--------+--------+--------+--------+-----+--------+

Top non-repeatable levels by time:
     D:2: 1000 daAuts
     D:4: 984 daAuts
     D:3: 786 daAuts
     D:1: 597 daAuts
     D:5: 55 daAuts
